 Dungeon Crawl Stone Soup version 0.28.0 (webtiles) character file.

Game seed: 9374279427159720212

969 croobank the Cutter (level 8, -16/43 HPs)
             Began as a Kobold Warper on Feb 10, 2022.
             Was a Follower of Vehumet.
             Demolished by a two-headed ogre (19 damage)
             ... on level 6 of the Dungeon.
             The game lasted 00:23:18 (6229 turns).

croobank the Cutter (Kobold Warper)                 Turns: 6229, Time: 00:23:19

Health: -16/43     AC:  9    Str: 11    XL:     8   Next: 38%
Magic:  0/14       EV: 15    Int: 14    God:    Vehumet [*.....]
Gold:   305        SH:  0    Dex: 14    Spells: 1/15 levels left

rFire   x . .      SeeInvis .   x - +3 dagger (drain)
rCold   + . .      Faith    .   (no shield)
rNeg    . . .      Spirit   +   b - +0 leather armour
rPois   .          Reflect  .   (no helmet)
rElec   .          Harm     .   m - +0 cloak
rCorr   .          Rampage  .   (no gloves)
Will    .....                   s - +0 pair of boots
Stlth   ++........              n - amulet of guardian spirit
HPRegen 0.14/turn               l - +4 ring of protection
MPRegen 0.14/turn               f - ring of ice

@: mighty
A: small, no large weapons, nightstalker 3, frail 1
a: Renounce Religion


You were on level 6 of the Dungeon.
You worshipped Vehumet.
Vehumet was aware of your devotion.
You visited 1 branch of the dungeon, and saw 6 of its levels.

You collected 305 gold pieces.

Inventory:

Hand Weapons
 a - a +0 short sword
 g - a +0 dagger of pain
 x - a +3 dagger of draining (weapon)
 y - a +0 war axe
Missiles
 d - 4 boomerangs of dispersal (quivered)
 i - 28 sling bullets
 k - 218 stones
 q - 35 arrows
 t - a throwing net
 A - 18 bolts
 B - 4 boomerangs
Armour
 b - a +0 leather armour (worn)
 e - a +0 leather armour
 m - a +0 cloak (worn)
 s - a +0 pair of boots (worn)
 u - a +0 ring mail
Magical Staves
 F - a staff of death
Jewellery
 f - a ring of ice (right hand)
 l - a +4 ring of protection (left hand)
 n - an amulet of guardian spirit (around neck)
 r - a ring of positive energy
 z - a ring of magical power
 E - a ring of protection from fire
Wands
 C - a wand of polymorph (9)
Scrolls
 c - a scroll of blinking
 o - a scroll of amnesia
 D - a scroll of immolation {unknown}
 H - a scroll of enchant armour {unknown}
Potions
 h - 2 potions of magic
 j - 5 potions of curing
 v - a potion of might
 G - a potion of attraction {unknown}


   Skills:
 + Level 4.2 Fighting
 + Level 5.3 Short Blades
 + Level 3.8 Throwing
 + Level 2.8 Armour
 + Level 4.6 Dodging
 + Level 4.0 Spellcasting
 + Level 4.4 Translocations


You had one spell level left.
You knew the following spells:

 Your Spells              Type           Power      Damage    Failure   Level
a - Blink                 Tloc           30%        N/A       6%          2
b - Teleport Other        Tloc           15%        N/A       12%         3
c - Manifold Assault      Tloc           15%        N/A       73%         5
d - Gell's Gravitas       Tloc           15%        N/A       12%         3
e - Foxfire               Conj/Fire      8%         2x1d4     24%         1

Your spell library contained the following spells:

 Spells                   Type           Power      Damage    Failure   Level
 Apportation              Tloc           30%        N/A       4%          1
 Animate Skeleton         Necr           4%         N/A       24%         1
 Summon Small Mammal      Summ           8%         N/A       24%         1
 Lesser Beckoning         Tloc           15%        N/A       12%         3
 Call Canine Familiar     Summ           2%         N/A       58%         3
 Ozocubu's Armour         Ice            4%         N/A       58%         3
 Summon Guardian Golem    Hex/Summ       2%         N/A       58%         3
 Airstrike                Air            1%         N/A       94%         4
 Summon Lightning Spire   Summ/Air       2%         N/A       94%         4
 Lightning Bolt           Conj/Air       1%         1d12      100%        5
 Ozocubu's Refrigeration  Ice            2%         4d5       100%        7


Dungeon Overview and Level Annotations

Branches:
Dungeon (6/15)             Temple (0/1) D:5

Altars:
Fedhas
Nemelex Xobeh
Trog
Vehumet


Innate Abilities, Weirdness & Mutations

You are small and have problems with some larger weapons.
You are completely attuned to the shadows.
You are frail. (-10% HP)


Message History

You hit the water moccasin zombie.
The water moccasin zombie is almost destroyed.
The water moccasin zombie closely misses you.
You hit the water moccasin zombie.
You destroy the water moccasin zombie!
Vehumet accepts your kill.
Found 21 stones.
You pick up a book of Cantrips and begin reading...
You add the spells Animate Skeleton and Apportation to your library.
k - 218 stones (gained 21)
H - a scroll labelled ECWELU XYRPHYAB
Okay, then.
As you read the scroll labelled QAAFFI SAING, it crumbles to dust.
You assume a fearsome visage.
Nothing appears to happen.
It was a scroll of fear.
Okay, then.
It was a potion of mutation.
You feel extremely strange.
You feel frail.
It was a potion of might.
You feel very mighty all of a sudden.
The two-headed ogre shouts in stereo!
The two-headed ogre closely misses you.
The two-headed ogre hits you with a +0 giant club!
You puncture the two-headed ogre!
The two-headed ogre is lightly wounded.
The two-headed ogre hits you with a +0 giant club!!
The two-headed ogre closely misses you.
You puncture the two-headed ogre!
The two-headed ogre is moderately wounded.
You puncture the two-headed ogre!
The two-headed ogre is heavily wounded.
The two-headed ogre completely misses you.
The two-headed ogre hits you with a +0 giant club!!
* * * LOW HITPOINT WARNING * * *
You hit the two-headed ogre.
The two-headed ogre is heavily wounded.
You hit the two-headed ogre. You drain the two-headed ogre.
The two-headed ogre is severely wounded.
The two-headed ogre hits you with a +0 giant club!!
You die...

####### ..#...##
.......## .....)..#
........#####
............#########
.......####..........
..#...## ######@..#
...#### #######O###
##...#####.......#
##........#######
...#.>...##
#########.## #..#####
##.....####
#####....#


You could see a two-headed ogre (drained).

Vanquished Creatures
  A water moccasin (D:5)
  2 ice beasts (D:6)
  An ogre (D:5)
  2 water moccasin zombies
  A water moccasin skeleton (D:4)
  2 centaur zombies
  A bullfrog zombie (D:6)
  A jelly (D:6)
  A bullfrog skeleton (D:4)
  3 iguanas
  A hound skeleton (D:5)
  4 adders
  6 gnolls
  An adder skeleton (D:4)
  4 dart slugs
  2 orcs (D:4)
  10 bats
  6 endoplasms
  A giant cockroach (D:2)
  5 hobgoblins
  9 jackals
  3 quokkas
  4 ball pythons
  9 frilled lizards
  6 goblins
  11 kobolds
  7 rats
104 creatures vanquished.

Vanquished Creatures (others)
  4 plants (D:2)
4 creatures vanquished.

Grand Total: 108 creatures vanquished

Notes
Turn   | Place    | Note
-------+----------+-------------------------------------------
     0 | D:1      | croobank the Kobold Warper began the quest for the Orb.
     0 | D:1      | Reached XP level 1. HP: 12/12 MP: 3/3
   210 | D:1      | Reached XP level 2. HP: 6/17 MP: 5/5
   797 | D:1      | Reached skill level 1 in Armour
   798 | D:1      | Reached skill level 3 in Short Blades
   957 | D:1      | Reached XP level 3. HP: 14/22 MP: 6/6
  1267 | D:1      | Learned a level 2 spell: Blink
  1271 | D:1      | Learned a level 3 spell: Teleport Other
  2027 | D:2      | Reached XP level 4. HP: 27/27 MP: 7/7
  2482 | D:3      | Noticed an eye of devastation
  2483 | D:3      | Found a faded altar of an unknown god.
  2483 | D:3      | Noticed a shining eye
  2493 | D:3      | Noticed a great orb of eyes
  2575 | D:3      | Noticed a great orb of eyes
  2962 | D:3      | Found a sparkling altar of Nemelex Xobeh.
  2966 | D:3      | Found a blossoming altar of Fedhas.
  2967 | D:3      | Found a radiant altar of Vehumet.
  2987 | D:3      | Became a worshipper of Vehumet
  3610 | D:4      | Reached XP level 5. HP: 14/32 MP: 5/9
  4571 | D:5      | Entered Level 5 of the Dungeon
  4622 | D:5      | Noticed a water moccasin
  4701 | D:5      | Found a staircase to the Ecumenical Temple.
  4806 | D:5      | Reached XP level 6. HP: 37/37 MP: 10/10
  4984 | D:5      | Reached skill level 4 in Short Blades
  5155 | D:5      | Noticed an ogre
  5271 | D:6      | Noticed an ice beast
  5296 | D:6      | Killed an ice beast
  5297 | D:6      | Reached XP level 7. HP: 41/41 MP: 6/12
  5371 | D:6      | Reached * piety under Vehumet
  5371 | D:6      | Offered knowledge of Foxfire by Vehumet.
  5676 | D:5      | Found a bloodstained altar of Trog.
  5823 | D:5      | Reached XP level 8. HP: 44/48 MP: 11/13
  5874 | D:5      | Reached skill level 5 in Short Blades
  6074 | D:6      | Learned a level 5 spell: Manifold Assault
  6078 | D:6      | Learned a level 3 spell: Gell's Gravitas
  6080 | D:6      | Learned a level 1 spell: Foxfire
  6160 | D:6      | Noticed a two-headed ogre
  6221 | D:6      | Gained mutation: You are frail. (-10% HP) [potion of
                  | mutation]
  6229 | D:6      | Demolished by a two-headed ogre

Illustrated notes

Levels and vault maps discovered:
D:1:      evilmike_arrival_crescent, layout_basic, minmay_pentomino_q4
D:2:      layout_loops_ring, serial_forest, infiniplex_forest_lined_2,
          infiniplex_forest_lined_2, infiniplex_forest_corner_2,
          infiniplex_forest_clump_curved, infiniplex_forest_corner_2,
          minmay_diced_spiral
D:3:      layout_basic, grunt_temple_overflow_open,
          hellmonk_ecumenical_altar_watching_god
D:4:      layout_gridville, minivault_4
D:5:      layout_rooms, mainiacjoe_overflow_alcove_2,
          minmay_temple_entry_nine_rooms
D:6:      layout_rooms

Skill      XL: |  1  2  3  4  5  6  7  8 |
---------------+-------------------------+-----
Armour         | 1 2 |  2.8
Short Blades   | 3 4 5 |  5.3
Throwing       | 2 3 |  3.8
Dodging        | 3 4 |  4.6
Fighting       | 3 4 |  4.2
Spellcasting   | 3 4 |  4.0
Translocations | 4 |  4.4

Action                   |  1- 3 |  4- 6 |  7- 9 || total
-------------------------+-------+-------+-------++-------
Melee: Short sword       |   141 |   106 |       ||   247
       Dagger            |    21 |   114 |   111 ||   246
       Punch             |     1 |     5 |     2 ||     8
Throw: Boomerang         |       |       |     1 ||     1
 Cast: Teleport Other    |       |     2 |       ||     2
       Blink             |       |     1 |       ||     1
  Use: Scroll            |     1 |     7 |     2 ||    10
       Potion            |       |       |     3 ||     3
 Stab: Sleeping          |     8 |     2 |     4 ||    14
       Distracted        |     1 |       |       ||     1
Armor: Leather armour    |    61 |    79 |    46 ||   186
Dodge: Dodged            |   171 |   138 |    94 ||   403
